Map: Newkirk Precinct TE (Void)

Players

llllllllllll - Winner!

  • Race: Zerg Zerg
  • League: Master
  • Spawn Location: 7:00

Railgan

  • Race: Zerg Zerg
  • League: Master
  • Spawn Location: 5:00

VOD

Have the link to the VOD?

Description

Time

  • Played on: March 1, 2017, 5:57 p.m.
  • Length: 7:40
Show
View Real Time Build Order
Export as new Build Order

llllllllllll Zerg - Winner!

Build Orders: Hatch First 

Get SALT Encoding   

  12  0:00  Drone  
  13  0:12  Overlord  
  13  0:17  Drone  
  14  0:30  Drone x2  
  14  0:34  Drone  
  17  0:52  Hatchery  
  17  0:55  Drone  
  17  0:58  Drone  
  17  1:01  Extractor  
  17  1:14  Spawning Pool  
  17  1:17  Drone  
  17  1:20  Drone  
  18  1:29  Drone  
  19  1:38  Overlord  
  19  1:49  Drone  
  20  2:00  Metabolic Boost  
  20  2:01  Queen  
  20  2:02  Zergling x2  
  20  2:05  Queen  
  25  2:09  Zergling x2  
  25  2:12  Drone  
  28  2:15  Drone  
  28  2:23  Drone  
  28  2:27  Drone  
  30  2:34  Drone  
  30  2:36  Queen  
  31  2:37  Overlord  
  33  2:48  Drone x2  
  33  2:49  Baneling Nest  
  34  2:58  Drone  
  35  3:05  Drone  
  35  3:06  Drone  
  37  3:17  Drone x2  
  37  3:18  Drone x5  
  44  3:33  Baneling x2  
  43  3:38  Hatchery  
  43  3:39  Overlord x2  
  42  3:51  Roach Warren, Zergling x6  
  44  3:58  Evolution Chamber  
  44  4:00  Extractor, Drone x5  
  44  4:01  Extractor  
  46  4:10  Overlord  
  46  4:11  Drone  
  46  4:12  Drone  
  48  4:21  Drone x3  
  48  4:22  Drone, Overlord x2  
  52  4:27  Zerg Missile Weapons Level 1  
  50  4:43  Roach  
  50  4:44  Roach x3  
  58  4:47  Lair  
  58  4:50  Roach x2  
  61  4:53  Roach  
  61  4:55  Roach  
  61  4:56  Roach  
  67  5:02  Roach  
  67  5:05  Roach  
  67  5:06  Roach  
  73  5:14  Roach x4  
  81  5:22  Overlord x2  
  81  5:30  Overlord x2  
  81  5:34  Overlord  
  81  5:36  Pneumatized Carapace  
  81  5:42  Roach x4  
  89  5:46  Roach  
  89  5:48  Glial Reconstitution  
  91  6:01  Roach x4  
  96  6:07  Overlord  
  92  6:19  Roach x5  
  92  6:20  Roach  
  89  6:32  Zergling x2  
  89  6:33  Zergling x20  
  89  6:34  Ravager  
  89  6:39  Extractor  
  99  6:41  Ravager, Zergling x8  
  104  6:51  Ravager  
  104  6:53  Zergling x10  
  108  6:56  Drone x3  
  111  7:08  Overlord x2  
  111  7:10  Overlord  
  105  7:18  Zergling x4  
  105  7:19  Zergling x2  
Show
View Real Time Build Order
Export as new Build Order

Railgan Zerg 

Build Orders: Pool First 

Get SALT Encoding   

  12  0:01  Drone  
  13  0:13  Overlord  
  13  0:18  Drone  
  14  0:31  Drone x2  
  14  0:34  Drone  
  17  0:46  Spawning Pool  
  17  0:50  Drone  
  17  0:56  Drone  
  18  1:13  Hatchery  
  18  1:15  Extractor  
  18  1:17  Drone  
  17  1:21  Drone  
  18  1:29  Drone  
  19  1:34  Queen  
  21  1:45  Overlord  
  21  1:58  Drone  
  21  2:00  Baneling Nest  
  21  2:06  Zergling x2  
  22  2:09  Queen  
  24  2:20  Drone  
  25  2:23  Zergling x2  
  25  2:26  Drone  
  25  2:27  Queen  
  29  2:33  Drone  
  30  2:37  Drone, Metabolic Boost  
  31  2:45  Drone  
  31  2:49  Baneling  
  31  2:50  Overlord  
  32  2:55  Overlord  
  32  2:56  Drone  
  33  3:08  Baneling  
  33  3:10  Drone  
  33  3:11  Drone x2  
  36  3:13  Overlord  
  36  3:22  Drone x2  
  36  3:24  Drone x3  
  40  3:35  Zergling x4  
  40  3:37  Roach Warren  
  40  3:39  Extractor  
  40  3:41  Baneling  
  40  3:42  Baneling  
  40  3:46  Drone x3  
  43  3:49  Overlord  
  43  3:55  Overlord  
  43  4:10  Drone  
  43  4:12  Hatchery  
  43  4:18  Baneling x2, Roach  
  43  4:19  Roach x2  
  43  4:22  Baneling x2  
  49  4:25  Roach  
  49  4:26  Roach  
  49  4:30  Roach  
  55  4:37  Roach x2  
  58  4:40  Roach  
  58  4:44  Overlord, Roach  
  62  4:48  Zergling x4  
  64  4:56  Roach  
  64  4:57  Zergling x2  
  64  4:58  Overlord  
  67  5:00  Overlord  
  67  5:02  Zergling x2  
  67  5:03  Zergling x2  
  69  5:14  Zergling x10  
  69  5:15  Ravager  
  69  5:17  Overlord  
  73  5:23  Ravager  
  74  5:33  Zergling x12  
  80  5:39  Zergling x4  
  80  5:41  Ravager  
  83  5:44  Ravager  
  83  5:46  Zergling x4  
  83  5:47  Overlord  
  84  5:59  Zergling x10  
  84  6:01  Ravager  
  88  6:05  Zergling x2  
  88  6:07  Zergling x2  
  88  6:11  Zergling x2  
  91  6:18  Zergling x2  
  86  6:20  Zergling x12  
  80  6:29  Zergling x2  
  80  6:31  Zergling x2  
  73  6:34  Ravager x2  
  73  6:38  Zergling x8  
  79  6:41  Zergling x2  
  79  6:42  Zergling x4  
  79  6:45  Zergling x6  
  85  6:51  Zergling x10  
  89  6:56  Baneling  
  89  6:57  Baneling x6  
  89  6:58  Zergling x2  
  90  7:07  Zergling x6  
  85  7:19  Zergling x2  
  85  7:21  Zergling x2  
Tags
 
Add a new tag
Caveats
  • Supply blocks, unpowered buildings, or Contaminate may cause inaccurate times.
  • Supply counts are checked every 10 seconds.